 Dungeon Crawl Stone Soup version 0.29-a0-378-gc08b2e8bf8 (webtiles) character file.

Game seed: 1350893569518097785

58 zeratav the Sneak (level 4, -3/29 HPs)
             Began as a Kobold Enchanter on May 4, 2022.
             Killed from afar by an orc wizard (5 damage)
             ... with a magic dart
             ... on level 3 of the Dungeon.
             The game lasted 00:02:21 (3157 turns).

zeratav the Sneak (Kobold Enchanter)                Turns: 3157, Time: 00:02:21

Health: -3/29      AC:  2    Str:  5    XL:     4   Next: 21%
Magic:  7/7        EV: 15    Int: 16    God:
Gold:   114        SH:  0    Dex: 17    Spells: 7/7 levels left

rFire   . . .      SeeInvis .   a - +1 dagger {short}
rCold   . . .      Faith    +   (no shield)
rNeg    + . .      Spirit   .   b - +0 robe
rPois   .          Reflect  .   (no helmet)
rElec   .          Harm     .   (no cloak)
rCorr   .          Rampage  .   (no gloves)
Will    .....                   (no boots)
Stlth   ++........              m - amulet of faith {!P}
HPRegen 0.09/turn               j - ring of positive energy
MPRegen 0.10/turn               (no ring)

@: confused
A: small, no large weapons, nightstalker 3
a: no special abilities


You were on level 3 of the Dungeon.
You visited 1 branch of the dungeon, and saw 3 of its levels.

You collected 114 gold pieces.


Innate Abilities, Weirdness & Mutations

You are small and have problems with some larger weapons.
You are completely attuned to the shadows.


   Skills:
 + Level 3.8 Fighting
 - Level 1.3 Short Blades
 - Level 2.4 Dodging
 - Level 4.0 Stealth
 - Level 2.1 Spellcasting
 - Level 3.0 Hexes


You had 7 spell levels left.
You didn't know any spells.
Your spell library contained the following spells:

 Spells                   Type           Power      Damage    Failure   Level
 Ensorcelled Hibernation  Hex/Ice        12%        N/A       17%         2
 Confusing Touch          Hex            11%        N/A       19%         3
 Tukima's Dance           Hex            11%        N/A       19%         3
 Beastly Appendage        Tmut           2%         N/A       21%         1
 Wereblood                Tmut           1%         N/A       30%         2
 Dazzling Flash           Conj/Hex       12%        N/A       32%         3
 Spider Form              Tmut/Pois      1%         N/A       52%         3

Inventory:

Hand Weapons
 a - a +1 dagger (weapon) {short}
Armour
 b - a +0 robe (worn)
Jewellery
 j - a ring of positive energy (left hand)
   (You found it on level 2 of the Dungeon)
 m - an amulet of faith (around neck) {!P}
   (You found it on level 2 of the Dungeon)
Scrolls
 d - a scroll of enchant armour {unknown}
 e - 3 scrolls of identify {unknown}
 i - a scroll of enchant weapon {unknown}
 k - a scroll of amnesia {unknown}
Potions
 c - 2 potions of invisibility
 g - 3 potions of curing {unknown}
 h - a potion of lignification {unknown}
 l - a potion of berserk rage {unknown}
 n - a potion of degeneration {unknown}
 q - 2 potions of haste {unknown}

Dungeon Overview and Level Annotations

Branches:
Dungeon (3/15)

Altars:

#......#
#.####.# #.# #.#
#.# #.# #####.#
##.## .#
......###...##.#
####......#....
####.#..{.###
#.##.@o...
#.####o### #[#
.# .# .#


You could see 2 orcs.


Message History

No target in view!
No target in view!
No target in view!
No target in view!
No target in view!
No target in view!
No target in view!
No target in view!
No target in view!
No target in view!
No target in view!
You now have 114 gold pieces (gained 10).
You see here a +0 dagger {short}.
An endoplasm comes into view.
An endoplasm is nearby!
An endoplasm is nearby!
You see here 12 stones {throwing}.
The helpless endoplasm fails to defend itself.
You puncture the endoplasm!
You kill the endoplasm!
No target in view!
No target in view!
No target in view!
No target in view!
No target in view!
No target in view!
No target in view!
No target in view!
No target in view!
No target in view!
No target in view!
No target in view!
No target in view!
No target in view!
An orc wizard comes into view. It is wielding a +0 dagger.
An orc wizard is nearby!
An orc comes into view. It is wielding a +0 mace.
The orc shouts!
The orc wizard shouts!
The orc wizard mumbles some strange words.
The orc wizard flickers and vanishes!
Deactivating autopickup; reactivate with Ctrl-A.
You hear a shout! 2 orcs come into view.
An orc is wielding a +1 hand axe of flaming.
The orc shouts!
Something hits you.
HP[-1]
You take 1 damage, and now have 28/29 hp.
You hit the orc. You hit the orc.
You kill the orc!
Something hits you.
You hit the orc but do no damage. Something hits you. The orc misses you.
HP[-5]
You take 5 damage, and now have 23/29 hp.
You hit the orc.
You hear some strange, mumbled words.
You are confused.
You hit the orc but do no damage. Something hits you.
The orc hits you with a +1 hand axe of flaming.
The orc burns you. The orc hits you with a +0 dagger.
HP[-8]
You take 8 damage, and now have 15/29 hp.
MASSIVE DAMAGE!! (PAUSE) You're too confused to move!
Something hits you.
* * * LOW HITPOINT WARNING * * *
The orc hits you with a +1 hand axe of flaming.
* * * LOW HITPOINT WARNING * * *
The orc burns you.
* * * LOW HITPOINT WARNING * * *
The orc barely misses you.
HP[-10]
You take 10 damage, and now have 5/29 hp.
MASSIVE DAMAGE!! (PAUSE)
You miss the orc.
You hear some strange, mumbled words.
You are more confused.
The orc misses you. The orc barely misses you.
You miss the orc.
You hear some strange, mumbled words.
You are more confused.
The orc closely misses you. The orc hits you with a +0 dagger.
* * * LOW HITPOINT WARNING * * *
HP[-1]
You take 1 damage, and now have 4/29 hp.
You hit the orc. Something hits you.
* * * LOW HITPOINT WARNING * * *
The orc barely misses you. The orc hits you but does no damage.
HP[-3]
You take 3 damage, and now have 1/29 hp.
You hit the orc but do no damage.
You hear some strange, mumbled words.
You are more confused.
The orc completely misses you. The orc misses you.
You hit the orc but do no damage.
You hear some strange, mumbled words.
A magic dart appears from out of thin air!
The magic dart hits you.
You die...

Skill      XL: |  1  2  3 |
---------------+----------+-----
Fighting       | 1 2 3 |  3.8
Short Blades   | |  1.3
Dodging        | |  2.4
Stealth        | |  4.0
Spellcasting   | |  2.1
Hexes          | |  3.0

Action                   |  1- 3 |  4- 6 || total
-------------------------+-------+-------++-------
Melee: Dagger            |   121 |    12 ||   133
 Stab: Sleeping          |    12 |     2 ||    14
Armor: Robe              |    17 |     1 ||    18
Dodge: Dodged            |    94 |     8 ||   102

Levels and vault maps discovered:
D:1:      ebering_trefoil_3fold, layout_loops_ring
D:2:      layout_basic, dreamdust_ecumenical_altar_statues, dk_vineyard_2
D:3:      layout_loops_ring, minmay_misc_feat_nine_boxes, uniq_sigmund

Notes
Turn   | Place    | Note
-------+----------+-------------------------------------------
     0 | D:1      | zeratav the Kobold Enchanter began the quest for the Orb.
     0 | D:1      | Reached XP level 1. HP: 10/10 MP: 3/3
     0 | D:1      | magus.rc [v1.9.6]
    43 | D:1      | Reached skill level 1 in Fighting
    56 | D:1      | HP: 3/12 [hobgoblin (1)]
    59 | D:1      | Reached XP level 2. HP: 5/16 MP: 5/5
   559 | D:1      | Reached skill level 2 in Fighting
  1299 | D:2      | Reached XP level 3. HP: 10/22 MP: 6/6
  1594 | D:2      | Found a faded altar of an unknown god.
  1658 | D:2      | Reached skill level 3 in Fighting
  2019 | D:2      | HP: 3/23 [worm (8)]
  2682 | D:2      | Reached XP level 4. HP: 29/29 MP: 7/7
  2732 | D:2      | You pick up a book of Changes and begin reading...
  2732 | D:2      | You add the spells Beastly Appendage, Wereblood and Spider
                  | Form to your library.
  3152 | D:3      | HP: 7/29 [orc/+1 hand axe of flaming (4)]
  3155 | D:3      | HP: 1/29 [something (3)]
  3157 | D:3      | Killed from afar by an orc wizard

Vanquished Creatures
  An adder (D:2)
  2 worms (D:2)
  An orc (D:3)
  5 ball pythons
  6 endoplasms
  A giant cockroach (D:1)
  2 goblins (D:2)
  2 hobgoblins (D:1)
  3 kobolds
  4 quokkas
  8 bats
  A frilled lizard (D:2)
  A rat (D:1)
37 creatures vanquished.

Table legend:
 A = Non-vault XP
 B = Vault XP
 C = Vault XP percentage of total XP
 D = Non-vault monster count
 E = Vault monster count
 F = Vault count percentage of total count
                 A         B        C        D         E       F
            +---------+---------+-------+---------+---------+-------
      Total |      84 |       0 |   0.0 |      37 |       0 |   0.0
            +---------+---------+-------+---------+---------+-------
        D:1 |      25 |       0 |   0.0 |      14 |       0 |   0.0
        D:2 |      52 |       0 |   0.0 |      20 |       0 |   0.0
        D:3 |       7 |       0 |   0.0 |       3 |       0 |   0.0
            +---------+---------+-------+---------+---------+-------

Illustrated notes

Table legend:
 A = Kills in this place as a percentage of kills in entire the game.
 B = Kills by you in this place as a percentage of kills by you in the entire game.
 C = Kills by friends in this place as a percentage of kills by friends in the entire game.
 D = Other kills in this place as a percentage of other kills in the entire game.
 E = Experience gained in this place as a percentage of experience gained in the entire game.
 F = Experience gained in this place divided by the number of levels of this place that you have seen.
                   A       B       C       D       E      F
               +-------+-------+-------+-------+-------+----------------------
         Total | 100.0 | 100.0 |   N/A |   N/A | 100.0 |  28.0
       Dungeon | 100.0 | 100.0 |   N/A |   N/A | 100.0 |  28.0
               +-------+-------+-------+-------+-------+----------------------

Table legend: (Time is in decaauts)
 A = Elapsed time spent in this place.
 B = Non-inter-level travel time spent in this place.
 C = Inter-level travel time spent in this place.
 D = Time resting spent in this place.
 E = Time spent auto-exploring this place.
 F = Levels seen in this place.
 G = Mean time per level.
                   A        B        C        D        E       F      G
               +--------+--------+--------+--------+--------+-----+--------+
         Total |   3148 |   3073 |     75 |   1105 |   1676 |   3 | 1049.3 |
       Dungeon |   3148 |   3073 |     75 |   1105 |   1676 |   3 | 1049.3 |
               +--------+--------+--------+--------+--------+-----+--------+

Top non-repeatable levels by time:
     D:2: 1878 daAuts
     D:1: 1170 daAuts
     D:3: 100 daAuts
